AoeStats
← tomaro92

Arena

506360615Analyzed
1v1 RM · 19d ago on Sep 13, 2026· 29m 57s· 2 players
Game mode
Random Map
Map size
Tiny (2 player)
Population
200
Speed
Normal
Resources
Standard
Victory
Conquest
Starting age
Dark Age
Ending age
Imperial Age
RankedLock teamsTeams togetherTeam positionsShared explorationLock speedFull tech treeHidden civsTurbo modeCheats
Victory
Defeat
🇩🇪 Vietnamese · Germany
1190
+14
🇨🇳 Armenians · China
1148
-14
不怜吉带
10:48 Feudal Age
14:44 Castle Age
12:47 Double-Bit Axe
13:51 Horse Collar
14:03 Man-at-Arms
16:18 Long Swordsman
16:45 Gambesons
19:50 Wheelbarrow
20:58 Two-Handed Swordsman
23:46 Squires
28:09 Loom
31:36 Imperial Age
tomaro92
11:26 Feudal Age
15:06 Castle Age
13:24 Double-Bit Axe
13:21 Horse Collar
13:34 Gold Mining
16:03 Bow Saw
17:21 Scale Mail Armor
20:21 Squires
21:37 Loom
22:15 Chain Mail Armor
25:18 Forging
25:54 Arson
29:51 Wheelbarrow
Connection lost

Rejoining the realm…

Still unreachable

The connection could not be restored.

Session expired

The server has moved on; the page needs a fresh start.